 Dungeon Crawl Stone Soup version 0.25-a0-503-ge281fa673e (webtiles) character file.

Game seed: 16594576979374046211, levelgen mode: deterministic

107 Maartensdijk the Shield-Bearer (level 4, -1/44 HPs)
             Began as a Troll Fighter on Feb 13, 2020.
             Slain by Grinder (6 damage)
             ... while paralysed by Grinder
             ... on level 4 of the Dungeon.
             The game lasted 00:40:16 (2271 turns).

Maartensdijk the Shield-Bearer (Troll Fighter)      Turns: 2271, Time: 00:40:17

Health: -1/44      AC:  6    Str: 24    XL:     4   Next: 56%
Magic:  3/3        EV:  1    Int:  8    God:
Gold:   178        SH:  0    Dex: 10    Spells: 3/3 levels left

rFire    . . .     SeeInvis .   a - +0 rapier
rCold    . . .     Gourm    +   c - +1 kite shield
rNeg     . . .     Faith    .   b - +0 robe
rPois    .         Spirit   .   (helmet restricted)
rElec    .         Reflect  .   (no cloak)
rCorr    .         Harm     .   (gloves unavailable)
MR       .....                  (boots unavailable)
Stlth    +.........             (no amulet)
HPRegen  0.54/turn              n - +4 ring of intelligence
MPRegen  0.08/turn              (no ring)

@: paralysed
A: large, unfitting armour, claws 3, fast metabolism 3, gourmand, regeneration
1, shaggy fur 1, tough skin 3
a: no special abilities


You were on level 4 of the Dungeon.
You were not hungry.

You visited 1 branch of the dungeon, and saw 4 of its levels.

You collected 178 gold pieces.

Inventory:

Hand Weapons
 a - a +0 rapier (weapon)
Missiles
 h - 21 bolts
 i - 18 poisoned darts (quivered)
Armour
 b - a +0 robe (worn)
 c - a +1 kite shield (worn)
Jewellery
 n - a +4 ring of intelligence (left claw)
Scrolls
 e - 2 scrolls of remove curse {unknown}
 o - a scroll of amnesia
Potions
 d - 2 potions of might
 m - a potion of agility {unknown}
Comestibles
 g - 5 rations


   Skills:
 + Level 2.9 Fighting
 + Level 2.6 Short Blades
 + Level 2.9 Dodging
 + Level 3.0 Shields


You had 3 spell levels left.
You didn't know any spells.
Your spell library was empty.

Dungeon Overview and Level Annotations

Branches:
Dungeon (4/15)
 Temple: D:4-7

Altars:
Ru

Annotations:
D:3 2 runed translucent doors, feta's ghost, amateur OpTm
D:4 Grinder


Innate Abilities, Weirdness & Mutations

You are too large for most types of armour.
You have claws for hands.
Your metabolism is lightning-fast.
You like to eat raw meat.
Your natural rate of healing is unusually fast.
You are covered in fur. (AC +1)
You have extremely tough skin. (AC +3)


Message History

Your shield prevents you from hitting Grinder.
Grinder is lightly wounded.
You block Grinder's attack.
You hit Grinder.
Grinder is moderately wounded.
Grinder hits you.
You writhe in agony.
You hit Grinder but do no damage.
Grinder is moderately wounded.
Grinder gestures at you.
You suddenly lose the ability to move!
Grinder hits you.
You writhe in agony.
Grinder hits you but does no damage. Grinder hits you.
You writhe in agony.
Grinder says, "At least Makhleb appreciates what I'm doing."
Grinder hits you.
* * * LOW HITPOINT WARNING * * *
You writhe in agony.
* * * LOW HITPOINT WARNING * * *
Grinder hits you.
You die...

#
#.#.#########.#
.......@.....>#
#.#.###5#######
#.# #.# #.# #.#
#.. +.. #..


You could see Grinder.

Vanquished Creatures
  2 adders
  An ooze (D:1)
  2 dart slugs
  2 worms (D:2)
  2 orcs (D:3)
  2 bats
  2 giant cockroaches
  6 goblins
  12 hobgoblins
  16 jackals
  3 quokkas
  3 frilled lizards
  6 kobolds
  5 rats
64 creatures vanquished.

Notes
Turn   | Place    | Note
-------+----------+-------------------------------------------
     0 | D:1      | Maartensdijk the Troll Fighter began the quest for the Orb.
     0 | D:1      | Reached XP level 1. HP: 22/22 MP: 0/0
   131 | D:1      | Reached XP level 2. HP: 22/29 MP: 1/1
   364 | D:1      | You fall into a shaft and drop 1 floor!
   513 | D:1      | Reached XP level 3. HP: 36/36 MP: 2/2
  1136 | D:2      | Found a sacrificial altar of Ru.
  1723 | D:3      | Reached XP level 4. HP: 44/44 MP: 3/3
  1898 | D:3      | Reached skill level 3 in Shields
  1918 | D:3      | HP: 2/44 [jackal (2)]
  2120 | D:3      | Found a large runed translucent door.
  2121 | D:3      | Found a large runed translucent door.
  2121 | D:3      | Noticed feta's ghost (amateur OpTm)
  2249 | D:4      | Noticed Grinder
  2257 | D:4      | Paralysed by Grinder for 4 turns
  2266 | D:4      | Paralysed by Grinder for 6 turns
  2271 | D:4      | Slain by Grinder

Levels and vault maps discovered:
D:1:      psy_arrival_statuary, layout_basic, minivault_4,
          chequers_serial_rivers_micro_a, st_stairs_4, kennysheep_minor_cross
D:2:      layout_loops_corners, fountainhead, hangedman_ru_absence,
          uniq_crazy_yiuf_cottage, uniq_sigmund
D:3:      layout_rooms, ebering_ghost_disaster_area,
          nicolae_qazlal_style_of_elements
D:4:      layout_basic, uniq_pikel, uniq_duvessa, uniq_grinder

Skill      XL: |  1  2  3  4 |
---------------+-------------+-----
Short Blades   | 2 |  2.6
Shields        | 3 |  3.0
Fighting       | |  2.9
Dodging        | |  2.9

Action                   |  1- 3 |  4- 6 || total
-------------------------+-------+-------++-------
Melee: Rapier            |   142 |    81 ||   223
  Use: Scroll            |     4 |       ||     4
       Potion            |     1 |     4 ||     5
  Eat: Ration            |     2 |     1 ||     3
       Chunk             |     9 |     3 ||    12
Armor: Robe              |    47 |    79 ||   126
Dodge: Dodged            |    44 |    79 ||   123
Block: Kite shield       |    75 |    99 ||   174

Table legend:
 A = Non-vault XP
 B = Vault XP
 C = Vault XP percentage of total XP
 D = Non-vault monster count
 E = Vault monster count
 F = Vault count percentage of total count
                 A         B        C        D         E       F
            +---------+---------+-------+---------+---------+-------
      Total |     150 |       3 |   2.0 |      62 |       2 |   3.1
            +---------+---------+-------+---------+---------+-------
        D:1 |      36 |       3 |   7.7 |      16 |       2 |  11.1
        D:2 |      41 |       0 |   0.0 |      15 |       0 |   0.0
        D:3 |      73 |       0 |   0.0 |      31 |       0 |   0.0
            +---------+---------+-------+---------+---------+-------
